 Dungeon Crawl Stone Soup version 0.21.1-1-g345015f (webtiles) character file.

1964 shakethe the Firebug (level 9, -1/71 HPs)
             Began as a Hill Orc Fire Elementalist on Feb 6, 2018.
             Was a Believer of Vehumet.
             Shot with a sling bullet by Joseph (23 damage)
             ... on level 7 of the Dungeon.
             The game lasted 00:44:48 (10059 turns).

shakethe the Firebug (Hill Orc Fire Elementalist)  Turns: 10059, Time: 00:44:48

Health: -1/71      AC:  4    Str: 11    XL:     9   Next: 19%
Magic:  12/16      EV: 12    Int: 18    God:    Vehumet [**....]
Gold:   446        SH:  0    Dex: 11    Spells: 1/17 levels left

rFire    . . .     SeeInvis .   i - +1 hand axe (chop)
rCold    . . .     Gourm    .   (no shield)
rNeg     . . .     Faith    .   a - +0 robe
rPois    .         Spirit   .   k - +1 helmet
rElec    .         Reflect  .   (no cloak)
rCorr    .         Harm     .   (no gloves)
MR       .....                  (no boots)
Stlth    +++.......             (no amulet)
HPRegen  0.21/turn              o - ring of stealth
MPRegen  0.15/turn              z - ring of wizardry

@: no status effects
A: no striking features
a: Renounce Religion


You were on level 7 of the Dungeon.
You worshipped Vehumet.
Vehumet was pleased with you.
You were not hungry.

You visited 2 branches of the dungeon, and saw 8 of its levels.

You collected 446 gold pieces.

Inventory:

Hand Weapons
 e - a +0 club
 g - a +0 short sword of venom
 i - a +1 hand axe of chopping (weapon)
 B - a +2 trident of pain
Armour
 a - a +0 robe (worn)
 f - a +0 leather armour
 k - a +1 helmet (worn)
Jewellery
 o - a ring of stealth (left hand)
 z - a ring of wizardry (right hand)
 E - an uncursed amulet of harm {unknown}
Wands
 p - a wand of flame (60)
 x - a wand of polymorph (35)
 y - a wand of random effects (13)
Scrolls
 h - 4 scrolls of teleportation
 l - 2 scrolls of random uselessness
 n - a scroll of fear
 q - 5 scrolls of identify
 s - a scroll of enchant armour
 A - 2 scrolls of magic mapping
 C - 3 scrolls of remove curse {unknown}
 D - a scroll of enchant weapon {unknown}
 F - a scroll of fog
Potions
 d - 4 potions of curing {unknown}
 j - a potion of degeneration {unknown}
 m - a potion of mutation {unknown}
 r - a potion of brilliance {unknown}
 t - 2 potions of heal wounds
 u - a potion of cancellation {unknown}
 v - a potion of haste {unknown}
 w - 2 potions of resistance {unknown}
Books
 b - a book of Flames

   Spells                             Type                      Level
   a - Flame Tongue                   Conjuration/Fire             1
   b - Throw Flame                    Conjuration/Fire             2
   c - Conjure Flame                  Conjuration/Fire             3
   d - Inner Flame                    Hexes/Fire                   3
   e - Sticky Flame                   Conjuration/Fire             4
   f - Fireball                       Conjuration/Fire             5
Comestibles
 c - 12 rations


   Skills:
 + Level 3.7 Fighting
 + Level 4.0 Axes
 + Level 3.4 Armour
 - Level 1.5 Dodging
 - Level 1.5 Stealth
 + Level 4.6 Spellcasting
 + Level 5.8 Conjurations
 + Level 7.3 Fire Magic


You had one spell level left.
You knew the following spells:

 Your Spells              Type           Power        Failure   Level  Hunger
a - Flame Tongue          Conj/Fire      ####.        1%          1    None
b - Conjure Flame         Conj/Fire      ####....     1%          3    ###....
c - Sticky Flame          Conj/Fire      ####....     3%          4    ####...
d - Freeze                Ice            #...         6%          1    None
e - Searing Ray           Conj           ####..       1%          2    #......
f - Fireball              Conj/Fire      ####......   11%         5    ######.


Dungeon Overview and Level Annotations

Branches:
Dungeon (7/15)             Temple (1/1) D:5

Altars:
Ashenzari
Cheibriados
Dithmenos
Elyvilon
Gozag
Hepliaklqana
Makhleb
Nemelex Xobeh
Qazlal
Ru
Sif Muna
Uskayaw
Vehumet
Xom
Yredelemnul
Zin
The Shining One

Annotations:
D:7 Joseph


Message History

You see here a sling bullet.
Joseph unwields an uncursed hunting sling.
Joseph wields an uncursed quarterstaff of pain.
Joseph hits you with an uncursed quarterstaff of pain!
Casting: Flame Tongue
Confirm with . or Enter, or press ? or * to list all spells.
Aiming: Sticky Flame
Press: ? - help, Shift-Dir - straight line, f - Joseph
Aim: Joseph, wielding a quarterstaff of pain and wearing a leather armour The sticky flame hits Joseph.
Joseph is lightly wounded.
Joseph is covered in liquid flames!
Joseph burns!
Joseph burns!
Joseph unwields an uncursed quarterstaff of pain.
Joseph wields an uncursed hunting sling.
Joseph shoots a sling bullet.
The sling bullet hits you!!
There is a stone staircase leading down, spattered with blood here.
You see here 2 sling bullets.
Joseph burns!
Joseph shoots a sling bullet.
The sling bullet hits you!!
You die...

##..##...###'###......#
+..............#......#
#..............'......#
#..............#......#
#..............#......#
#..............#......#
#..............#......#
#..............#......#
######@####....#......#
##.>..##############
#......# #.@....#
+......# ########


You could see Joseph (burning).

Vanquished Creatures
  Sigmund (D:3)
  The ghost of Mgcat the Sneak, an amateur KoCj (D:3)
  Menkaure (D:5)
  A phantom (D:6)
  2 ogres
  A centaur (D:5)
  A big kobold (D:5)
  2 bullfrogs (D:6)
  A gnoll sergeant (D:6)
  3 crimson imps
  2 hounds
  4 orc priests
  An orc wizard (D:6)
  2 iguanas (D:6)
  4 worker ants
  11 gnolls
  14 adders
  A white imp (D:4)
  2 oozes
  2 adder skeletons
  2 worms (D:2)
  A dart slug (D:1)
  8 leopard geckos
  10 orcs
  7 bats
  4 giant cockroaches
  9 hobgoblins
  9 jackals
  4 quokkas
  A ball python (D:2)
  2 frilled lizards (D:3)
  A giant cockroach zombie (D:6)
  8 goblins
  A jackal skeleton (D:6)
  14 kobolds
  A quokka skeleton (D:4)
  13 rats
152 creatures vanquished.

Vanquished Creatures (others)
  Eustachio (D:6)
1 creature vanquished.

Grand Total: 153 creatures vanquished

Notes
Turn   | Place    | Note
-------+----------+-------------------------------------------
     0 | D:1      | shakethe the Hill Orc Fire Elementalist began the quest for the Orb.
     0 | D:1      | Reached XP level 1. HP: 14/14 MP: 3/3
   172 | D:1      | Reached XP level 2. HP: 19/20 MP: 0/4
   499 | D:1      | Reached XP level 3. HP: 21/26 MP: 3/5
  1304 | D:2      | Reached skill level 4 in Fire Magic
  1389 | D:2      | Reached XP level 4. HP: 29/33 MP: 2/7
  1417 | D:2      | Found a deep blue altar of Sif Muna.
  1965 | D:2      | Reached XP level 5. HP: 38/38 MP: 6/8
  2069 | D:2      | Became a worshipper of Sif Muna the Loreminder
  2090 | D:2      | Found a radiant altar of Vehumet.
  2097 | D:2      | Found a burning altar of Makhleb.
  2104 | D:2      | Fell from the grace of Sif Muna
  2104 | D:2      | Became a worshipper of Vehumet
  2155 | D:2      | Found a sparkling altar of Nemelex Xobeh.
  2169 | D:2      | Found a sacrificial altar of Ru.
  2440 | D:3      | Learned a level 3 spell: Conjure Flame
  2445 | D:3      | Learned a level 4 spell: Sticky Flame
  2542 | D:3      | Noticed Sigmund
  2669 | D:3      | Found a hide-covered altar of Uskayaw.
  3511 | D:3      | Reached XP level 6. HP: 44/45 MP: 8/10
  3512 | D:3      | Reached skill level 5 in Fire Magic
  3715 | D:3      | Noticed Mgcat's ghost (amateur KoCj)
  3951 | D:3      | Killed Mgcat's ghost
  4196 | D:3      | Reached XP level 7. HP: 12/50 MP: 4/12
  4892 | D:4      | Reached * piety under Vehumet
  4892 | D:4      | Offered knowledge of Freeze by Vehumet.
  4897 | D:4      | Learned a level 1 spell: Freeze
  5781 | D:5      | Entered Level 5 of the Dungeon
  5791 | D:5      | Noticed Menkaure
  5797 | D:5      | Killed Menkaure
  5797 | D:5      | Reached skill level 6 in Fire Magic
  6052 | D:5      | Found a staircase to the Ecumenical Temple.
  6060 | Temple   | Entered the Ecumenical Temple
  6957 | D:3      | Killed Sigmund
  6957 | D:3      | Reached skill level 1 in Fighting
  6957 | D:3      | Reached skill level 1 in Axes
  6957 | D:3      | Reached skill level 1 in Armour
  6957 | D:3      | Reached XP level 8. HP: 32/59 MP: 6/14
  7192 | D:5      | Reached skill level 5 in Conjurations
  8769 | D:6      | Offered knowledge of Searing Ray by Vehumet.
  8778 | D:6      | Learned a level 2 spell: Searing Ray
  8806 | D:6      | Noticed Eustachio
  8811 | D:6      | Reached ** piety under Vehumet
  9004 | D:6      | Killed Eustachio
  9004 | D:6      | Reached skill level 7 in Fire Magic
  9145 | D:5      | Reached XP level 9. HP: 59/70 MP: 10/15
 10034 | D:7      | Learned a level 5 spell: Fireball
 10053 | D:7      | Noticed Joseph
 10059 | D:7      | Shot with a sling bullet by Joseph

Skill      XL: |  1  2  3  4  5  6  7  8  9 |
---------------+----------------------------+-----
Spellcasting   | 2 3 4 |  4.6
Conjurations   | 2 3 4 5 |  5.8
Fire Magic     | 4 5 6 7 |  7.3
Fighting       | 1 3 |  3.7
Axes           | 1 3 4 |  4.0
Armour         | 1 3 |  3.4
Dodging        | |  1.5
Stealth        | |  1.5

Action                   |  1- 3 |  4- 6 |  7- 9 || total
-------------------------+-------+-------+-------++-------
Melee: Unarmed           |     2 |       |       ||     2
       Short sword       |    10 |       |       ||    10
       Hand axe          |    26 |    53 |    90 ||   169
 Cast: Flame Tongue      |    43 |   101 |   113 ||   257
       Conjure Flame     |       |     2 |     2 ||     4
       Sticky Flame      |       |       |    21 ||    21
       Freeze            |       |       |     4 ||     4
  Use: Scroll            |       |       |     7 ||     7
 Stab: Sleeping          |       |     2 |     1 ||     3
  Eat: Chunk             |     1 |    10 |    13 ||    24
       Ration            |       |       |     3 ||     3
Armor: Robe              |     7 |    25 |    27 ||    59
Dodge: Dodged            |    34 |    84 |   128 ||   246
